 Dungeon Crawl Stone Soup version 0.21.1-1-g345015f (webtiles) character file.

10273 poirepourri the Severer (level 11, -6/104 HPs)
             Began as a Minotaur Fighter on May 10, 2018.
             Was a Believer of Makhleb.
             Mangled by a freezing wraith (20 damage)
             ... on level 11 of the Dungeon.
             The game lasted 00:13:38 (11151 turns).

poirepourri the Severer (Minotaur Fighter)         Turns: 11151, Time: 00:13:40

Health: -6/104     AC: 17    Str: 22    XL:     11   Next: 34%
Magic:  10/10      EV:  7    Int:  5    God:    Makhleb [**....]
Gold:   526        SH: 12    Dex: 15    Spells: 10/10 levels left

rFire    . . .     SeeInvis .   a - +3 war axe
rCold    . . .     Gourm    .   c - +2 shield
rNeg     + . .     Faith    .   w - +2 scale mail {rN+}
rPois    .         Spirit   .   (helmet restricted)
rElec    .         Reflect  .   h - +1 cloak
rCorr    .         Harm     .   b - +0 pair of gloves
MR       .....                  (no boots)
Stlth    ..........             (no amulet)
HPRegen  0.27/turn              k - +3 ring of dexterity
MPRegen  0.12/turn              L - +5 ring of protection

@: slowed, very slow
A: retaliatory headbutt, horns 2
a: Minor Destruction, Renounce Religion


You were on level 11 of the Dungeon.
You worshipped Makhleb.
Makhleb was pleased with you.
You were full.

You visited 2 branches of the dungeon, and saw 12 of its levels.
You also visited: Sewer.

You collected 694 gold pieces.
You spent 168 gold pieces at shops.

Inventory:

Hand Weapons
 a - a +3 war axe (weapon)
 j - a +1 flail of protection
Missiles
 i - 7 tomahawks (quivered)
 x - 42 bolts
Armour
 b - a +0 pair of gloves (worn)
 c - a +2 shield (worn)
 h - a +1 cloak (worn)
 w - a +2 scale mail of positive energy (worn)
Jewellery
 e - an uncursed amulet of the gourmand
 g - an uncursed amulet of faith
 k - a +3 ring of dexterity (left hand)
 G - an uncursed amulet of regeneration
 J - an uncursed ring of resist corrosion {unknown}
 K - an uncursed ring of see invisible {unknown}
 L - a +5 ring of protection (right hand)
Wands
 t - a wand of scattershot (4)
 u - a wand of random effects (34)
 C - a wand of clouds (5)
 H - a wand of flame (1)
Scrolls
 r - 5 scrolls of amnesia
 A - 4 scrolls of enchant weapon
 D - 5 scrolls of teleportation
Potions
 l - 2 potions of lignification
 m - 6 potions of curing
 n - 2 potions of heal wounds
 o - a potion of flight
 p - a potion of cancellation
 q - 3 potions of mutation
 s - a potion of magic
 v - a potion of haste
 E - 2 potions of ambrosia
Books
 d - a book of Transfigurations

   Spells                             Type                      Level
   a - Irradiate                      Conjuration/Transmutation    5
   b - Statue Form                    Transmutation/Earth          6
   c - Hydra Form                     Transmutation                6
   d - Dragon Form                    Transmutation                7
 y - a book of Maledictions

   Spells                             Type                      Level
   a - Corona                         Hexes                        1
   b - Ensorcelled Hibernation        Hexes/Ice                    2
   c - Confuse                        Hexes                        3
   d - Tukima's Dance                 Hexes                        3
   e - Dazzling Spray                 Conjuration/Hexes            3
 z - a book of Frost

   Spells                             Type                      Level
   a - Freeze                         Ice                          1
   b - Throw Frost                    Conjuration/Ice              2
   c - Ozocubu's Armour               Charms/Ice                   3
   d - Throw Icicle                   Conjuration/Ice              4
   e - Summon Ice Beast               Ice/Summoning                4
 F - a book of Changes

   Spells                             Type                      Level
   a - Beastly Appendage              Transmutation                1
   b - Sticks to Snakes               Transmutation                2
   c - Spider Form                    Transmutation/Poison         3
   d - Ice Form                       Ice/Transmutation            4
   e - Blade Hands                    Transmutation                5
Miscellaneous
 B - 2 boxes of beasts
Comestibles
 f - 8 rations


   Skills:
 + Level 11.7 Fighting
 - Level 17.0 Axes
 - Level 3.6 Armour
 - Level 3.6 Shields


You had 10 spell levels left.
You didn't know any spells.

Dungeon Overview and Level Annotations

Branches:
Dungeon (11/15)            Temple (1/1) D:7            Lair (0/6) D:8
    Orc: D:9-12

Altars:
Ashenzari
Cheibriados
Dithmenos
Elyvilon
Fedhas
Gozag
Hepliaklqana
Kikubaaqudgha
Makhleb
Nemelex Xobeh
Okawaru
Qazlal
Ru
Sif Muna
Trog
Uskayaw
Vehumet
Wu Jian
Xom
Yredelemnul
Zin
The Shining One
Beogh
Lugonu

Shops:
D:5 (   D:9 !


Innate Abilities, Weirdness & Mutations

You reflexively headbutt those who attack you in melee.
You have a pair of horns on your head.


Message History

The freezing wraith hits you but does no damage. x3
You block the freezing wraith's attack.
Okay, then.
You slash the freezing wraith!
Your headbutt misses the freezing wraith.
The freezing wraith is moderately damaged.
The freezing wraith hits you. The freezing wraith freezes you!
* * * LOW HITPOINT WARNING * * *
The freezing wraith hits you but does no damage.
You barely miss the freezing wraith.
The freezing wraith is moderately damaged.
The freezing wraith hits you but does no damage.
You block the freezing wraith's attack.
You closely miss the freezing wraith.
Your headbutt misses the freezing wraith.
The freezing wraith is moderately damaged.
The freezing wraith hits you!
* * * LOW HITPOINT WARNING * * *
The freezing wraith freezes you!!
You die...

................####
..................#
...............#.##
...............###
.............#.#
...........##.##
.............##
.........#.###
.......@##.#
[.....W#.### .......
.# )...... ##
.#..... #.##### #


You could see a freezing wraith.

Vanquished Creatures
  4 two-headed ogres
  An unseen horror (D:10)
  Pikel (D:5)
  An ugly thing (D:10)
  Psyche (D:10)
  A centaur skeleton (D:10)
  A queen bee (D:10)
  2 humans (D:7)
  2 hungry ghosts
  2 orc warriors
  3 sky beasts
  A hornet zombie (D:11)
  An ice beast (D:6)
  2 phantoms
  2 black bears
  A necrophage (D:9)
  An eye of draining (D:10)
  An ogre (D:10)
  A crocodile (Sewer)
  A gnoll sergeant (D:8)
  12 bullfrogs
  A wyvern skeleton (D:7)
  A scorpion (D:9)
  A water moccasin skeleton (D:10)
  19 killer bees
  5 wights (D:8)
  A howler monkey (D:7)
  3 crimson imps
  A bullfrog zombie (D:7)
  2 jellies
  2 quasits
  A centaur zombie (D:11)
  A hound (D:9)
  9 orc wizards
  3 orc priests
  Jessica (D:2)
  Natasha (twice) (D:2)
  3 iguanas
  10 worker ants
  2 hound zombies
  A mummy (D:6)
  Robin (D:3)
  2 worker ant zombies
  14 gnolls
  A howler monkey skeleton (D:5)
  13 adders
  2 river rats (D:6)
  2 shadow imps
  2 oozes
  An adder zombie (D:9)
  An adder skeleton (D:4)
  3 worms (D:3)
  A dart slug (D:2)
  3 leopard geckos
  32 orcs
  6 ball pythons
  11 bats
  7 giant cockroaches
  13 goblins
  15 hobgoblins
  21 jackals
  2 quokkas
  A frilled lizard (D:2)
  2 hobgoblin zombies (D:6)
  5 kobolds
  2 kobold zombies (D:6)
  A leopard gecko skeleton (D:3)
  3 leopard gecko zombies (D:5)
  8 rats
286 creatures vanquished.

Vanquished Creatures (others)
  A slave (D:5)
  A hound (D:5)
  2 orc wizards (D:5)
  An orc (D:5)
  2 jackals (D:5)
7 creatures vanquished.

Grand Total: 293 creatures vanquished

Notes
Turn   | Place    | Note
-------+----------+-------------------------------------------
     0 | D:1      | poirepourri the Minotaur Fighter began the quest for the Orb.
     0 | D:1      | Reached XP level 1. HP: 19/19 MP: 0/0
   144 | D:1      | Reached skill level 3 in Axes
   157 | D:1      | Reached XP level 2. HP: 26/26 MP: 1/1
   642 | D:2      | Noticed Natasha
   652 | D:2      | Noticed a crimson imp
   659 | D:2      | Reached skill level 4 in Axes
   663 | D:2      | Reached XP level 3. HP: 8/31 MP: 2/2
   664 | D:2      | HP: 2/46 [Natasha (4)]
   667 | D:2      | Killed Natasha
   667 | D:2      | Reached skill level 5 in Axes
   667 | D:2      | Reached XP level 4. HP: 1/39 MP: 3/3
  1256 | D:2      | Found a sparkling altar of Nemelex Xobeh.
  1560 | D:2      | Noticed Natasha
  1568 | D:2      | Killed Natasha
  1688 | D:2      | Reached skill level 6 in Axes
  1731 | D:2      | Noticed a dagger
  1731 | D:2      | Noticed a hand axe
  1735 | D:2      | Found a hide-covered altar of Uskayaw.
  2174 | D:2      | Noticed Jessica
  2188 | D:2      | Killed Jessica
  2188 | D:2      | Reached XP level 5. HP: 41/46 MP: 4/4
  2337 | D:2      | Found a glowing silver altar of Zin.
  2337 | D:2      | Found a glowing golden altar of the Shining One.
  2338 | D:2      | Found a white marble altar of Elyvilon.
  2592 | D:3      | Found a roughly hewn altar of Beogh.
  2605 | D:3      | Reached skill level 7 in Axes
  2979 | D:3      | Noticed Robin
  2999 | D:3      | Reached XP level 6. HP: 42/52 MP: 5/5
  3009 | D:3      | Killed Robin
  3671 | D:4      | Reached skill level 8 in Axes
  4035 | D:5      | Entered Level 5 of the Dungeon
  4041 | D:5      | Noticed a sky beast
  4051 | D:5      | Killed a sky beast
  4051 | D:5      | Reached skill level 9 in Axes
  4051 | D:5      | Reached XP level 7. HP: 59/59 MP: 6/6
  4368 | D:5      | Noticed Pikel
  4378 | D:5      | Killed Pikel
  4378 | D:5      | Reached skill level 11 in Axes
  4378 | D:5      | Reached XP level 8. HP: 36/66 MP: 7/7
  4881 | D:5      | Found a blossoming altar of Fedhas.
  5221 | D:5      | Found Bommorog's Weapon Shop.
  5441 | D:6      | Found a glowing drain.
  5504 | Sewer    | Entered a sewer
  5544 | Sewer    | Reached skill level 12 in Axes
  6317 | D:6      | Reached skill level 13 in Axes
  6583 | D:7      | Reached XP level 9. HP: 64/71 MP: 8/8
  6687 | D:7      | Found an iron altar of Okawaru.
  6704 | D:7      | Reached skill level 14 in Axes
  6880 | D:7      | Found a stormy altar of Qazlal.
  7010 | D:7      | Found a staircase to the Ecumenical Temple.
  7185 | Temple   | Entered the Ecumenical Temple
  7351 | D:8      | Reached skill level 15 in Axes
  7434 | D:8      | Noticed a two-headed ogre
  7448 | D:8      | Killed a two-headed ogre
  7448 | D:8      | Reached skill level 16 in Axes
  7477 | D:8      | Reached XP level 10. HP: 44/78 MP: 9/9
  7939 | D:8      | Found a staircase to the Lair.
  8029 | D:8      | Found an opulent altar of Gozag.
  8029 | D:8      | Found a shadowy altar of Dithmenos.
  8083 | D:9      | Found a shimmering altar of Xom.
  8201 | D:9      | Noticed a two-headed ogre
  8206 | D:9      | Killed a two-headed ogre
  8326 | D:9      | Reached skill level 17 in Axes
  8342 | D:9      | Found a burning altar of Makhleb.
  8343 | D:9      | Found a radiant altar of Vehumet.
  8353 | D:9      | Became a worshipper of Makhleb the Destroyer
  8523 | D:9      | Found Qelim's Distillery.
  8526 | D:9      | Bought a potion of heal wounds for 60 gold pieces
  8526 | D:9      | Bought 2 potions of curing for 72 gold pieces
  8526 | D:9      | Bought a potion of curing for 36 gold pieces
  8549 | D:9      | Found an ornate altar of the Wu Jian Council.
  8595 | D:9      | Reached skill level 5 in Fighting
  8906 | D:9      | Found a deep blue altar of Sif Muna.
  8940 | D:10     | Entered Level 10 of the Dungeon
  9097 | D:10     | Killed an unseen horror
  9478 | D:10     | Reached * piety under Makhleb
  9857 | D:10     | Noticed a two-headed ogre
  9859 | D:10     | Reached XP level 11. HP: 97/97 MP: 10/10
  9872 | D:10     | Killed a two-headed ogre
  9872 | D:10     | Reached skill level 10 in Fighting
 10086 | D:10     | Noticed a two-headed ogre
 10096 | D:10     | Killed a two-headed ogre
 10348 | D:10     | Noticed Psyche
 10356 | D:10     | Killed Psyche
 10629 | D:11     | Noticed a purple ugly thing
 10651 | D:10     | Killed a purple ugly thing
 11042 | D:10     | Reached ** piety under Makhleb
 11151 | D:11     | Mangled by a freezing wraith

Skill      XL: |  1  2  3  4  5  6  7  8  9 10 11 |
---------------+----------------------------------+-----
Axes           | 3 4 5 6 7 9 11 13 16 17 | 17.0
Fighting       | 4 9 11 | 11.7
Armour         | |  3.6
Shields        | |  3.6

Action                   |  1- 3 |  4- 6 |  7- 9 | 10-12 || total
-------------------------+-------+-------+-------+-------++-------
Melee: War axe           |    41 |   171 |   254 |   282 ||   748
       Headbutt          |    10 |    30 |    54 |    75 ||   169
Throw: Tomahawk          |       |     4 |     3 |       ||     7
  Use: Scroll            |     2 |    15 |    12 |     6 ||    35
       Potion            |     1 |       |     1 |    11 ||    13
  Eat: Ration            |       |     4 |     4 |     7 ||    15
Armor: Scale mail        |    44 |    61 |   116 |   132 ||   353
Dodge: Dodged            |    25 |    48 |    73 |    80 ||   226
Block: Shield            |    42 |   115 |   190 |   167 ||   514
